AoeStats
← Exotic Pixel

Runestones

507565689Analyzed
1v1 RM · 14d ago on Sep 18, 2026· 27m 48s· 2 players
Game mode
Random Map
Map size
Tiny (2 player)
Population
200
Speed
Normal
Resources
Standard
Victory
Conquest
Starting age
Dark Age
Ending age
Imperial Age
RankedLock teamsTeams togetherTeam positionsShared explorationLock speedFull tech treeHidden civsTurbo modeCheats
Victory
Defeat
🇦🇷 Tupi · Argentina
987
+17
🇮🇱 Franks · Israel
1000
-51
Exotic Pixel
7:16 Loom
10:23 Feudal Age
15:07 Castle Age
19:25 Gold Mining
19:23 Double-Bit Axe
20:33 Ballistics
20:11 Fletching
20:23 Padded Archer Armor
23:10 Bodkin Arrow
Orenzinho
14:40 Feudal Age
16:42 Wheelbarrow
22:14 Gold Mining
22:12 Double-Bit Axe
Connection lost

Rejoining the realm…

Still unreachable

The connection could not be restored.

Session expired

The server has moved on; the page needs a fresh start.